 Dungeon Crawl Stone Soup version 0.32-a0-470-g255bbe2f98 (webtiles) character file.

Game seed: 6362733237945444551

1862 uoaz the Spear-Bearer (level 8, 0/71 HPs)
             Began as a Minotaur Berserker on Feb 25, 2024.
             Was an Elder of Trog.
             Succumbed to a water moccasin's poison
             ... on level 8 of the Dungeon.
             The game lasted 00:20:20 (3870 turns).

uoaz the Spear-Bearer (Minotaur Berserker)          Turns: 3870, Time: 00:20:23

Health: 0/71       AC:  8    Str: 25    XL:     8   Next: 89%
Magic:  7/7        EV: 11    Int:  4    God:    Trog [****..]
Gold:   342        SH:  0    Dex:  9    Spells: 7/7 levels left

rFire   + . .        a - +0 spear
rCold   x . .        h - orb {*Rage}
rNeg    . . .        i - +0 scale mail
rPois   .            (helmet restricted)
rElec   .            (no cloak)
rCorr   .            (no gloves)
SInv    .            (no boots)
Will    .....        (no amulet) Stlth
                     v - ring of fire
HPRegen 0.31/turn    (no ring)
MPRegen 0.10/turn

%: random rage (20%)
@: lethally poisoned (0 -> -12)
A: horns 2, retaliatory headbutt
a: Renounce Religion, Berserk, Trog's Hand, Brothers in Arms


You were on level 8 of the Dungeon.
You worshipped Trog.
Trog was greatly pleased with you.
You visited 1 branch of the dungeon, and saw 8 of its levels.

You collected 342 gold pieces.

Inventory:

Hand Weapons
 a - a +0 spear (weapon)
 l - a +0 rapier
 o - a +0 trident
 q - the +9 whip of Experimentation {venom, *Noise rC++ Will+ rCorr}
   (You found it on level 2 of the Dungeon)

   rC++:      It greatly protects you from cold.
   Will+:     It increases your willpower.
   *Noise:    It may make a loud noise when swung.
   rCorr:     It protects you from acid and corrosion.
 w - a +0 short sword of protection
 y - a +2 mace of protection
 D - a +1 dagger of speed
 L - a +0 shortbow
 N - a +0 battleaxe
Missiles
 f - 6 javelins (quivered)
Armour
 b - a +0 animal skin
 c - a +0 robe
 h - an orb of wrath (worn)
 i - a +0 scale mail (worn)
 k - a +0 pair of boots
 n - a +0 ring mail
 r - a +0 chain mail
Jewellery
 d - a ring of wizardry
 v - a ring of fire (left hand)
 z - a ring of willpower
 A - a +6 ring of dexterity
 K - a ring of protection from fire
Wands
 M - a wand of flame (19)
 Q - a wand of mindburst (11)
Scrolls
 e - 2 scrolls of enchant armour {unknown}
 g - a scroll of silence {unknown}
 p - a scroll of poison {unknown}
 t - 6 scrolls of identify {unknown}
 x - 2 scrolls of immolation {unknown}
 B - 3 scrolls of teleportation {unknown}
 C - 2 scrolls of fog {unknown}
 I - 2 scrolls of vulnerability {unknown}
 O - a scroll of revelation {unknown}
Potions
 j - a potion of curing {unknown}
 m - 5 potions of resistance {unknown}
 s - 3 potions of attraction {unknown}
 u - a potion of haste {unknown}
 E - a potion of might {unknown}
 F - 2 potions of heal wounds {unknown}
 G - a potion of enlightenment {unknown}
 H - a potion of mutation {unknown}
 J - a potion of brilliance {unknown}
 P - a potion of lignification {unknown}


   Skills:
 + Level 6.7 Fighting
 + Level 9.1 Polearms
 + Level 8.7 Armour
 + Level 4.4 Dodging
 + Level 0.6 Stealth


You had 7 spell levels left.
You didn't know any spells.
Your spell library contained the following spells:

 Spells                   Type           Power      Damage    Failure   Level
 Blink                    Tloc           0%         N/A       87%         2
 Lesser Beckoning         Tloc           0%         N/A       87%         2
 Momentum Strike          Conj/Tloc      0%         3d8       87%         2
 Inner Flame              Hex/Fire       0%         N/A       98%         3
 Flame Wave               Conj/Fire      0%         2d4       100%        4
 Manifold Assault         Tloc           0%         N/A       100%        4
 Sticky Flame             Fire/Alch      0%         2d4       100%        4
 Dispersal                Tloc           0%         N/A       100%        6
 Disjunction              Tloc           0%         N/A       100%        8


Dungeon Overview and Level Annotations

Branches:
Dungeon (8/15)
 Temple: D:4-7         Lair: D:8-11

Altars:
Cheibriados
Fedhas
Makhleb
Nemelex Xobeh
Okawaru
Ru
Sif Muna
Zin
The Shining One


Innate Abilities, Weirdness & Mutations

You have a pair of horns on your head.
You reflexively headbutt those who attack you in melee.


Message History

You feel sick. The water moccasin bites you.
You are more poisoned.
The water moccasin poisons you!
You feel very sick. The gnoll attacks as it pursues you!
The gnoll hits you but does no damage.
You feel very sick.
You feel very sick.
You feel sick.
You feel sick.
You feel sick. The gnoll attacks as it pursues you!
The gnoll hits you with a +0 flail.
* * * LOW HITPOINT WARNING * * *
You feel sick. The gnoll attacks as it pursues you!
The gnoll closely misses you. You furiously retaliate!
You headbutt the gnoll.
You feel sick.
You feel sick. The gnoll attacks as it pursues you!
The gnoll barely misses you.
You feel sick.
You feel sick.
You are no longer poisoned.
The gnoll attacks as it pursues you! The gnoll closely misses you.
The gnoll attacks as it pursues you! The gnoll misses you.
You furiously retaliate!
You headbutt the gnoll!
You kill the gnoll!
Trog accepts your kill.
The water moccasin bites you but does no damage.
The water moccasin barely misses you.
The water moccasin attacks as it pursues you!
The water moccasin bites you.
* * * LOW HITPOINT WARNING * * *
You are lethally poisoned!
The water moccasin poisons you!
There is a stone staircase leading down, spattered with blood here.
* * * LOW HITPOINT WARNING * * *
You feel very sick. The water moccasin barely misses you.
You furiously retaliate!
You headbutt the water moccasin!
The water moccasin bites you but does no damage.
You climb downwards.
You die...

#.............
#.............
#.............
#.............
#......=......
#.............
#.............
#.....@.......
#......S.o....
...............
##.............
#.............
#.............
#.............
..............


You could see a water moccasin and an orc (asleep).

Vanquished Creatures
  Duvessa (D:4)
  An orc warrior (D:6)
  2 ice beasts
  A black bear (D:5)
  2 ogres (D:5)
  A centaur (D:5)
  2 phantoms
  3 bullfrogs
  A scorpion (D:5)
  Dowan (D:4)
  4 bombardier beetles
  2 hounds
  An orc priest (D:5)
  2 sleepcaps
  An iguana (D:6)
  5 orc wizards
  Robin (D:2)
  11 adders
  A gnoll (D:7)
  2 shadow imps (D:6)
  2 dart slugs (D:1)
  2 ribbon worms
  23 orcs
  13 ball pythons
  4 endoplasms
  4 giant cockroaches
  12 goblins
  9 hobgoblins
  7 jackals
  2 quokkas
  6 bats
  5 frilled lizards
  5 kobolds
  5 rats
144 creatures vanquished.

Notes
Turn   | Place    | Note
-------+----------+-------------------------------------------
     0 | D:1      | uoaz the Minotaur Berserker began the quest for the Orb.
     0 | D:1      | Reached XP level 1. HP: 19/19 MP: 0/0
    71 | D:1      | Reached XP level 2. HP: 24/27 MP: 1/1
   112 | D:1      | Reached skill level 4 in Polearms
   266 | D:1      | Reached XP level 3. HP: 15/33 MP: 2/2
   689 | D:2      | Reached ** piety under Trog
   754 | D:2      | Reached XP level 4. HP: 39/41 MP: 3/3
   790 | D:2      | Reached skill level 5 in Polearms
   918 | D:2      | Noticed Robin
   949 | D:2      | Killed Robin
  1024 | D:2      | Reached XP level 5. HP: 30/47 MP: 4/4
  1091 | D:2      | Identified the +9 whip of Experimentation {venom, *Noise
                  | rC++ Will+ rCorr}
  1210 | D:3      | Found a sparkling altar of Nemelex Xobeh.
  1277 | D:3      | Found a burning altar of Makhleb.
  1279 | D:3      | Noticed a green death
  1284 | D:3      | Noticed a ynoxinul
  1284 | D:3      | Noticed an orange demon
  1435 | D:3      | Reached *** piety under Trog
  1939 | D:4      | Noticed Duvessa
  1940 | D:4      | Noticed Dowan
  1954 | D:4      | Killed Duvessa
  1955 | D:4      | Reached skill level 5 in Armour
  1955 | D:4      | Reached XP level 6. HP: 55/55 MP: 5/5
  1968 | D:4      | Killed Dowan
  1969 | D:4      | Reached skill level 5 in Fighting
  1969 | D:4      | Reached skill level 6 in Polearms
  2420 | D:5      | Entered Level 5 of the Dungeon
  2430 | D:5      | Reached XP level 7. HP: 61/61 MP: 6/6
  2466 | D:5      | Found a glowing silver altar of Zin.
  2483 | D:5      | Found a shimmering blue altar of Sif Muna.
  2490 | D:5      | Found a sacrificial altar of Ru.
  2857 | D:5      | Reached skill level 7 in Polearms
  2969 | D:5      | Reached XP level 8. HP: 58/70 MP: 7/7
  3205 | D:5      | Found a snail-covered altar of Cheibriados.
  3205 | D:5      | Found an iron altar of Okawaru.
  3290 | D:6      | Reached **** piety under Trog
  3291 | D:6      | Reached skill level 8 in Polearms
  3318 | D:6      | Found a glowing golden altar of the Shining One.
  3361 | D:6      | Found a blossoming altar of Fedhas.
  3770 | D:7      | Reached skill level 9 in Polearms
  3869 | D:7      | HP: 2/71 [poisoned by a water moccasin]
  3870 | D:8      | Succumbed to a water moccasin's poison

Illustrated notes

Levels and vault maps discovered:
D:1:      minmay_arrival_wavy_path, layout_rooms
D:2:      layout_loops_corners, minmay_snake_closets, uniq_robin
D:3:      layout_loops_ring, makhleb_altar_promises_db, marbit_many_paths,
          nemelex_xobeh_ov_fountains_minmay, minmay_misc_feat_nine_boxes,
          minmay_misc_feat_five, corexii_corridor_pit
D:4:      layout_gridville, dk_vineyard_1, minivault_11, uniq_duvessa
D:5:      layout_layer_cave, gammafunk_temple_overflow_forgotten,
          gammafunk_temple_overflow_elements, hex_medium
D:6:      layout_rooms, mainiacjoe_overflow_six_doors_small, fedhas_altar_1
D:7:      layout_rooms, ashenzari_altar_1, vehumet_altar_wand_db,
          minmay_temple_entry_gardened_gates, serial_bayou_pond_b
D:8:      layout_basic, due_lair_maze_entry_diamond, serial_shops,
          nicolae_shop_drivethru

Skill      XL: |  1  2  3  4  5  6  7  8 |
---------------+-------------------------+-----
Polearms       | 4 5 6 7 9 |  9.1
Fighting       | 4 5 6 |  6.7
Armour         | 3 5 7 8 |  8.7
Dodging        | 3 4 |  4.4
Stealth        | |  0.6

Action                     |  1- 3 |  4- 6 |  7- 9 || total
---------------------------+-------+-------+-------++-------
  Melee: Spear             |    83 |   149 |   156 ||   388
         Headbutt          |    13 |    27 |    32 ||    72
 Armour: Animal skin       |    38 |       |       ||    38
         Scale mail        |    21 |   146 |   108 ||   275
  Dodge: Dodged            |    54 |    65 |    73 ||   192

Table legend: (Time is in decaauts)
 A = Elapsed time spent in this place.
 B = Non-inter-level travel time spent in this place.
 C = Inter-level travel time spent in this place.
 D = Time resting spent in this place.
 E = Time spent auto-exploring this place.
 F = Levels seen in this place.
 G = Mean time per level.
                   A        B        C        D        E       F      G
               +--------+--------+--------+--------+--------+-----+--------+
         Total |   4017 |   1098 |   2919 |      0 |      0 |   8 |  502.1 |
       Dungeon |   4017 |   1098 |   2919 |      0 |      0 |   8 |  502.1 |
               +--------+--------+--------+--------+--------+-----+--------+

Top non-repeatable levels by time:
     D:5: 879 daAuts
     D:3: 796 daAuts
     D:2: 733 daAuts
     D:6: 535 daAuts
     D:4: 535 daAuts
     D:1: 420 daAuts
     D:7: 116 daAuts
